[Event "Titled Tuesday Blitz July 25 Late 2023"]
[White "Van Dael, Siem"]
[Black "Nakamura, Hikaru"]
[WhiteFideId "1049771"]
[BlackFideId "2016192"]
[WhiteElo "2506"]
[BlackElo "3271"]
[Result "0-1"]
[Round "1"]
[TimeControl "180+2"]
[Date "2023.07.25"]
[WhiteClock "0:00:52"]
[BlackClock "0:02:35"]
[Board "1"]

1. e4 a6 2. h4 c5 3. h5 e6 4. Nc3 Nc6 5. a4 d5 6. d3 h6 7. g3 Nf6 8. Bg2 d4 9. Nce2 e5 10. Bh3 Bxh3 11. Rxh3 c4 12. Kf1 Rc8 13. dxc4 Nxe4 14. Kg2 Qd7 15. b3 Be7 16. f3 Nd6 17. g4 f5 18. Ng3 O-O 19. Ba3 fxg4 20. fxg4 e4 21. Bb4 Nxb4 0-1


[Site "https://www.chess.com"]

[Event "Titled Tuesday Blitz July 25 Late 2023"]
[White "Carlsen, Magnus"]
[Black "O`Gorman, Tom"]
[WhiteFideId "1503014"]
[BlackFideId "2508249"]
[WhiteElo "3261"]
[BlackElo "2506"]
[Result "1-0"]
[Round "1"]
[TimeControl "180+2"]
[Date "2023.07.25"]
[WhiteClock "0:01:30"]
[BlackClock "0:01:08"]
[Board "2"]

1. b3 e5 2. Bb2 Nc6 3. c4 Nf6 4. e3 Be7 5. Nf3 e4 6. Nd4 O-O 7. Nf5 d5 8. Nxe7+ Qxe7 9. cxd5 Nxd5 10. Nc3 Ndb4 11. a3 Nd3+ 12. Bxd3 exd3 13. Nd5 Qd6 14. Qh5 Re8 15. O-O Ne5 16. Nf4 Ng6 17. Qg5 Be6 18. Nh5 f6 19. Nxf6+ gxf6 20. Qxf6 Qe7 21. Qc3 Rad8 22. f4 Bf5 23. e4 Bxe4 24. Rae1 Rd7 25. f5 Nh4 26. Qh8+ Kf7 27. Qg7# 1-0


[Site "https://www.chess.com"]

[Event "Titled Tuesday Blitz July 25 Late 2023"]
[White "Ordekalog"]
[Black "Naroditsky, Daniel"]
[BlackFideId "2026961"]
[WhiteElo "2505"]
[BlackElo "3150"]
[Result "0-1"]
[Round "1"]
[TimeControl "180+2"]
[Date "2023.07.25"]
[WhiteClock "0:00:11"]
[BlackClock "0:00:47"]
[Board "3"]

1. e4 Nf6 2. e5 Nd5 3. Nf3 d6 4. d4 dxe5 5. dxe5 Bg4 6. Bc4 e6 7. O-O Nc6 8. Re1 Be7 9. h3 Bh5 10. Bxd5 Qxd5 11. Qxd5 exd5 12. g4 Bg6 13. c3 h5 14. Bf4 hxg4 15. hxg4 O-O-O 16. Nbd2 d4 17. c4 Nb4 18. Bg5 Bxg5 19. Nxg5 Nc2 20. f4 Nxa1 21. Rxa1 Rh4 22. Kf2 Rxg4 23. Kf3 Bh5 24. Ke4 Bg6+ 25. Kf3 Rh4 26. Kg3 Rh5 27. Re1 f6 28. Ne6 Rg8 29. Nf3 d3 30. Kf2 Rh3 31. Rg1 Bh5 32. Nd2 fxe5 33. fxe5 Re8 34. Nf4 Rf8 35. Kg2 Re3 36. Rf1 Rxe5 37. Nxd3 Rg5+ 0-1


[Site "https://www.chess.com"]

[Event "Titled Tuesday Blitz July 25 Late 2023"]
[White "Vachier-Lagrave, Maxime"]
[Black "Novik, Maxim"]
[WhiteFideId "623539"]
[BlackFideId "4102924"]
[WhiteElo "3150"]
[BlackElo "2505"]
[Result "1-0"]
[Round "1"]
[TimeControl "180+2"]
[Date "2023.07.25"]
[WhiteClock "0:01:58"]
[BlackClock "0:01:55"]
[Board "4"]

1. e4 c6 2. Nf3 d5 3. Nc3 dxe4 4. Nxe4 Nf6 5. Qe2 Nxe4 6. Qxe4 Qd5 7. Qh4 Qe6+ 8. Be2 Qg6 9. O-O Qxc2 10. Bc4 Qf5 11. Re1 Nd7 12. d4 Nb6 13. Bb3 f6 14. h3 Nd5 15. Bd2 e6 16. Rac1 Kf7 17. Bc2 g5 18. Qh5+ 1-0


[Site "https://www.chess.com"]

[Event "Titled Tuesday Blitz July 25 Late 2023"]
[White "Barski, Radoslaw"]
[Black "Firouzja, Alireza"]
[WhiteFideId "1131710"]
[BlackFideId "12573981"]
[WhiteElo "2504"]
[BlackElo "3112"]
[Result "0-1"]
[Round "1"]
[TimeControl "180+2"]
[Date "2023.07.25"]
[WhiteClock "0:00:00"]
[BlackClock "0:01:24"]
[Board "5"]

1. d4 Nf6 2. c4 g6 3. Nc3 Bg7 4. e4 d6 5. Be3 O-O 6. h3 e5 7. d5 Na6 8. g4 Nc5 9. f3 h5 10. Nge2 Nh7 11. Rg1 Ng5 12. Bg2 Qf6 13. Rf1 Nxh3 14. Bxh3 Qh4+ 15. Bf2 Qxh3 16. gxh5 Qxh5 17. Qc2 Bh3 18. Rh1 Qxf3 19. O-O-O Bg2 20. Bxc5 Bxh1 21. Bg1 f5 22. exf5 Bh6+ 23. Kb1 Qxf5 24. c5 Bf3 25. cxd6 cxd6 0-1


[Site "https://www.chess.com"]

[Event "Titled Tuesday Blitz July 25 Late 2023"]
[White "Erigaisi Arjun"]
[Black "Womacka, Mathias"]
[WhiteFideId "35009192"]
[BlackFideId "4611390"]
[WhiteElo "3086"]
[BlackElo "2504"]
[Result "1-0"]
[Round "1"]
[TimeControl "180+2"]
[Date "2023.07.25"]
[WhiteClock "0:01:28"]
[BlackClock "0:00:08"]
[Board "6"]

1. c4 c5 2. g3 Nf6 3. Bg2 d5 4. cxd5 Nxd5 5. Nc3 Nc7 6. Nf3 Nc6 7. d3 e5 8. O-O Be7 9. a3 O-O 10. Rb1 Ne6 11. Be3 Ned4 12. b3 Bg4 13. Nd2 Qd7 14. a4 Rad8 15. Nc4 Kh8 16. Bxd4 exd4 17. Bxc6 Qxc6 18. Ne5 Qc8 19. Nxg4 Qxg4 20. Nb5 a6 21. Na3 f5 22. Nc4 f4 23. Kh1 Bd6 24. f3 Qh3 25. g4 Bc7 26. Nd2 h5 27. Rg1 Rd6 28. Ne4 Rg6 29. gxh5 Qxh5 30. Rxg6 Qxg6 31. Nxc5 Ba5 32. Qg1 Qe8 33. Ne4 Bc3 34. Qg4 Qe5 35. Rg1 Rf5 36. Ng5 Kg8 37. Qh4 Kf8 38. Qh8+ Ke7 39. Ne4 Rf7 40. Rg5 Qe6 41. Rc5 Qxb3 42. Rc7+ Ke6 43. Qe8+ 1-0


[Site "https://www.chess.com"]

[Event "Titled Tuesday Blitz July 25 Late 2023"]
[White "Kanakaris, Georgios"]
[Black "Nihal Sarin"]
[WhiteFideId "4209460"]
[BlackFideId "25092340"]
[WhiteElo "2504"]
[BlackElo "3070"]
[Result "0-1"]
[Round "1"]
[TimeControl "180+2"]
[Date "2023.07.25"]
[WhiteClock "0:00:00"]
[BlackClock "0:00:51"]
[Board "7"]

1. d4 Nf6 2. Nf3 d5 3. c4 e6 4. e3 Be7 5. Nbd2 O-O 6. Bd3 b6 7. b3 Bb7 8. Bb2 Nbd7 9. O-O c5 10. Rc1 Rc8 11. Qe2 h6 12. Rfd1 Rc7 13. cxd5 Nxd5 14. a3 Qa8 15. Bb1 Rfc8 16. Qd3 N5f6 17. a4 cxd4 18. Rxc7 Rxc7 19. Qxd4 Nc5 20. Qe5 Rd7 21. Rc1 Bxf3 22. Nxf3 Nxb3 23. Re1 Nc5 24. Qg3 Nxa4 25. Ba1 Nc5 26. Ne5 Rd8 0-1


[Site "https://www.chess.com"]

[Event "Titled Tuesday Blitz July 25 Late 2023"]
[White "Fedoseev, Vladimir"]
[Black "Mortazavi, Ali"]
[WhiteFideId "24130737"]
[BlackFideId "401323"]
[WhiteElo "3064"]
[BlackElo "2503"]
[Result "1-0"]
[Round "1"]
[TimeControl "180+2"]
[Date "2023.07.25"]
[WhiteClock "0:00:42"]
[BlackClock "0:00:05"]
[Board "8"]

1. g3 g6 2. Bg2 Bg7 3. Nf3 Nf6 4. O-O O-O 5. d3 d6 6. Nbd2 c5 7. a4 Nc6 8. Re1 Rb8 9. e4 Nd7 10. Nc4 b6 11. h4 a6 12. h5 b5 13. axb5 axb5 14. Ne3 Nf6 15. hxg6 hxg6 16. Ng5 Bd7 17. f4 b4 18. c3 bxc3 19. bxc3 Nh5 20. Bd2 Nxg3 21. Qf3 Nh5 22. Nf5 Bf6 23. Nh6+ Kg7 24. Nhxf7 Rxf7 25. Nxf7 Kxf7 26. e5 dxe5 27. fxe5 Nxe5 28. Rxe5 Rb2 29. Bg5 Bc6 30. Qxc6 Bxe5 31. Bd5+ Kg7 32. Qe6 Bf6 33. Qf7+ Kh8 34. Bxf6+ Nxf6 35. Bf3 Qb8 36. Ra8 Rb1+ 37. Kf2 Rb2+ 38. Ke3 Ng4+ 39. Bxg4 Qxa8 40. Qxg6 Qg2 41. Qh6+ Kg8 42. Be6# 1-0


[Site "https://www.chess.com"]

[Event "Titled Tuesday Blitz July 25 Late 2023"]
[White "Tikhonov, Viacheslav"]
[Black "Sarana, Alexey"]
[WhiteFideId "44196407"]
[BlackFideId "24133795"]
[WhiteElo "2503"]
[BlackElo "3045"]
[Result "1/2-1/2"]
[Round "1"]
[TimeControl "180+2"]
[Date "2023.07.25"]
[WhiteClock "0:00:11"]
[BlackClock "0:00:04"]
[Board "9"]

1. d4 Nf6 2. c4 e6 3. Nf3 d5 4. g3 Bb4+ 5. Bd2 Be7 6. Bg2 O-O 7. O-O Nbd7 8. b4 dxc4 9. Qc1 Nb6 10. a4 Ne4 11. Be1 Nd6 12. a5 Nd5 13. Ne5 Bf6 14. Na3 c3 15. Rb1 c6 16. e4 Nc7 17. Bxc3 Ndb5 18. Rd1 Nxa3 19. Qxa3 Nb5 20. Qc1 Nxc3 21. Qxc3 Qc7 22. Nc4 Rd8 23. e5 Be7 24. b5 cxb5 25. Rxb5 Rb8 26. Qb3 Bd7 27. Rxb7 Rxb7 28. Bxb7 Rb8 29. a6 Bc6 30. Nd6 Bxd6 31. exd6 Qxd6 32. Qc4 Bd5 33. Bxd5 exd5 34. Qc5 Qxa6 35. Qxd5 h6 36. Rc1 Qe2 37. Kg2 Qe7 38. Qf3 Rd8 39. d5 Qd6 40. Ra1 Rd7 41. Ra5 Qb6 42. Qa3 Qb7 43. Kg1 Qb1+ 44. Kg2 Qe4+ 45. Qf3 Qb4 46. Ra2 Qc4 47. Rd2 Qc5 48. Qe4 Rd8 49. d6 Rxd6 50. Rxd6 Qxd6 51. Qa8+ Kh7 52. Qxa7 Qe6 53. Qe3 Qxe3 54. fxe3 Kg6 55. Kf3 Kf5 56. e4+ Ke5 57. Ke3 h5 58. h3 g6 59. Kf3 Kd4 60. Kf4 f6 61. g4 h4 62. g5 fxg5+ 63. Kxg5 Kxe4 64. Kxh4 Kf5 65. Kg3 Kg5 66. h4+ Kf5 67. Kh3 Kf4 68. h5 gxh5 69. Kh4 Kf5 70. Kxh5 1/2-1/2


[Site "https://www.chess.com"]

[Event "Titled Tuesday Blitz July 25 Late 2023"]
[White "Bluebaum, Matthias"]
[Black "Khandelwal, Ankush"]
[WhiteFideId "24651516"]
[BlackFideId "413470"]
[WhiteElo "3039"]
[BlackElo "2502"]
[Result "1-0"]
[Round "1"]
[TimeControl "180+2"]
[Date "2023.07.25"]
[WhiteClock "0:02:05"]
[BlackClock "0:00:00"]
[Board "10"]

1. d4 Nf6 2. c4 g6 3. Nc3 Bg7 4. e4 d6 5. Nf3 O-O 6. Be2 e5 7. Be3 Ng4 8. Bg5 f6 9. Bh4 Nc6 10. d5 Ne7 11. Nd2 Nh6 12. f3 a5 13. Bf2 f5 14. c5 fxe4 15. Ndxe4 Nhf5 16. cxd6 cxd6 17. Nb5 Ra6 18. Rc1 Bh6 19. Rc3 Rb6 20. g4 Rxb5 21. Bxb5 Nd4 22. Bxd4 exd4 23. Qxd4 Bg7 24. Qd2 Qb6 25. Bc4 Bxc3 26. Qxc3 Rf7 27. Ke2 Kf8 28. Rc1 Bd7 29. b3 h5 30. Ng5 Rg7 31. Qf6+ 1-0


[Site "https://www.chess.com"]

[Event "Titled Tuesday Blitz July 25 Late 2023"]
[White "JERO-8914"]
[Black "Tabatabaei, M. Amin"]
[BlackFideId "12521213"]
[WhiteElo "2501"]
[BlackElo "3037"]
[Result "0-1"]
[Round "1"]
[TimeControl "180+2"]
[Date "2023.07.25"]
[WhiteClock "0:00:56"]
[BlackClock "0:01:11"]
[Board "11"]

1. e4 c6 2. c4 d5 3. cxd5 cxd5 4. exd5 Nf6 5. Nc3 g6 6. Bc4 Bg7 7. Nf3 O-O 8. O-O a6 9. a4 Nbd7 10. d3 Nb6 11. Qb3 Bf5 12. Bg5 h6 13. Be3 Nbd7 14. Nd4 Ng4 15. Nxf5 gxf5 16. Bf4 Nge5 17. Rfe1 Qa5 18. Bxe5 Bxe5 19. Qxb7 Rfd8 20. b4 Qc7 21. Qxc7 Bxc7 22. Rxe7 Bd6 23. Rxd7 Rxd7 24. b5 Be5 25. Rc1 Bxc3 26. Rxc3 axb5 27. axb5 0-1


[Site "https://www.chess.com"]

[Event "Titled Tuesday Blitz July 25 Late 2023"]
[White "Grischuk, Alexander"]
[Black "Besedes, Danilo"]
[WhiteFideId "4126025"]
[BlackFideId "946796"]
[WhiteElo "3029"]
[BlackElo "2501"]
[Result "1-0"]
[Round "1"]
[TimeControl "180+2"]
[Date "2023.07.25"]
[WhiteClock "0:00:03"]
[BlackClock "0:00:02"]
[Board "12"]

1. e4 e6 2. d4 d5 3. e5 c5 4. c3 Nc6 5. Nf3 Bd7 6. Be2 Nge7 7. O-O Nf5 8. dxc5 Bxc5 9. Bd3 Nh4 10. Nbd2 O-O 11. Qe2 a6 12. g3 Ng6 13. Nb3 Ba7 14. Bg5 f6 15. exf6 gxf6 16. Bh6 Rf7 17. c4 d4 18. Nfd2 e5 19. f4 Qe7 20. Rae1 Re8 21. Qh5 f5 22. fxe5 Ncxe5 23. Bxf5 d3+ 24. Kg2 Rxf5 25. Rxf5 Bc6+ 26. Kf1 Qd6 27. Ne4 Bxe4 28. Rxe4 Qb6 29. Be3 Qc6 30. Rfxe5 Nxe5 31. Qg5+ Ng6 32. Rxe8+ Qxe8 33. Qd5+ Kg7 34. Bd4+ Kh6 35. Qf3 Bxd4 36. Nxd4 Qe6 37. Nxe6 1-0


[Site "https://www.chess.com"]

[Event "Titled Tuesday Blitz July 25 Late 2023"]
[White "Molenda, Marcin"]
[Black "Mamedov, Rauf"]
[WhiteFideId "1173065"]
[BlackFideId "13401653"]
[WhiteElo "2501"]
[BlackElo "3025"]
[Result "0-1"]
[Round "1"]
[TimeControl "180+2"]
[Date "2023.07.25"]
[WhiteClock "0:00:34"]
[BlackClock "0:01:47"]
[Board "13"]

1. e4 c5 2. c3 d6 3. d4 Nf6 4. dxc5 Nc6 5. Qd3 dxc5 6. Qxd8+ Nxd8 7. f3 e6 8. a4 Nc6 9. Na3 Be7 10. Be3 O-O 11. Nc4 b6 12. Ne2 Bb7 13. Nf4 Rfd8 14. Be2 Nd7 15. Kf2 Nde5 16. Rhd1 g5 17. Nh3 h6 18. Ng1 Nxc4 19. Bxc4 Ne5 20. Be2 f5 21. exf5 exf5 22. f4 Ng6 23. g3 gxf4 24. gxf4 Bh4+ 25. Kf1 Re8 26. Bc4+ Kf8 27. Rd3 Re4 28. Bd5 Bxd5 29. Rxd5 Rxe3 30. Rxf5+ Kg7 31. Rd1 Rae8 32. Rd7+ R8e7 33. Rd6 R3e6 34. Rfd5 Re1+ 35. Kg2 Nxf4+ 36. Kf3 Nxd5 0-1


[Site "https://www.chess.com"]

[Event "Titled Tuesday Blitz July 25 Late 2023"]
[White "Andreikin, Dmitry"]
[Black "Liu, Casper"]
[WhiteFideId "4158814"]
[BlackFideId "1454153"]
[WhiteElo "3024"]
[BlackElo "2499"]
[Result "1-0"]
[Round "1"]
[TimeControl "180+2"]
[Date "2023.07.25"]
[WhiteClock "0:02:21"]
[BlackClock "0:02:38"]
[Board "14"]

1. d4 d5 2. c4 dxc4 3. e4 a6 4. Bxc4 b5 5. Bd5 c6 6. Bb3 e6 7. Nf3 c5 8. O-O cxd4 9. Nxd4 Bc5 10. Be3 Nf6 11. Nxe6 Qxd1 12. Nxg7+ Kf8 13. Bxc5+ Kxg7 14. Rxd1 Nxe4 15. Bd4+ Nf6 16. Nc3 Nc6 17. Bxf6+ Kxf6 18. Rd6+ 1-0


[Site "https://www.chess.com"]

[Event "Titled Tuesday Blitz July 25 Late 2023"]
[White "Taboas Rodriguez, Daniel"]
[Black "Duda, Jan-Krzysztof"]
[WhiteFideId "2208466"]
[BlackFideId "1170546"]
[WhiteElo "2498"]
[BlackElo "3023"]
[Result "0-1"]
[Round "1"]
[TimeControl "180+2"]
[Date "2023.07.25"]
[WhiteClock "0:00:00"]
[BlackClock "0:00:12"]
[Board "15"]

1. d4 d5 2. Nf3 Nf6 3. c4 c6 4. cxd5 cxd5 5. Nc3 Qb6 6. Na4 Qd6 7. e3 Nc6 8. Bd2 Ne4 9. Rc1 g5 10. Bb5 Bg7 11. O-O O-O 12. Nc5 g4 13. Ne1 Nxd2 14. Qxd2 e5 15. Bxc6 bxc6 16. dxe5 Bxe5 17. g3 Rb8 18. Ned3 Bg7 19. b4 h5 20. Nf4 h4 21. Rfd1 h3 22. e4 d4 23. a3 Rd8 24. Nfd3 Bh6 25. Nf4 Rb5 26. Rc4 Bg7 27. Nfd3 a5 28. Qf4 Qxf4 29. Nxf4 axb4 30. axb4 Rb8 31. Nfd3 Ra8 32. Rc2 Ra3 33. Kf1 Rc3 34. Rdc1 Re8 35. Ke2 Bf5 36. Rxc3 dxc3 37. Ke3 Bxe4 38. Nxe4 f5 39. Nf4 Rxe4+ 40. Kd3 Rxb4 41. Re1 c5 0-1


[Site "https://www.chess.com"]

[Event "Titled Tuesday Blitz July 25 Late 2023"]
[White "Paravyan, David"]
[Black "Plotkin, Victor"]
[WhiteFideId "4194985"]
[BlackFideId "2606674"]
[WhiteElo "3020"]
[BlackElo "2497"]
[Result "1-0"]
[Round "1"]
[TimeControl "180+2"]
[Date "2023.07.25"]
[WhiteClock "0:01:35"]
[BlackClock "0:00:12"]
[Board "16"]

1. e4 e5 2. Nf3 Nf6 3. d4 Nxe4 4. Bd3 Nc6 5. O-O d5 6. dxe5 Bg4 7. Nc3 Nxc3 8. bxc3 Bc5 9. Rb1 Bb6 10. Re1 O-O 11. h3 Bh5 12. g4 Bg6 13. Be3 Re8 14. Bd4 Bxd3 15. Qxd3 h6 16. Kg2 Ne7 17. Nh4 c5 18. Be3 Nc6 19. f4 Qxh4 20. Qxd5 Rad8 21. Qe4 Rd7 22. Bf2 Qe7 23. Re2 Qe6 24. Rbe1 Qd5 25. Qxd5 Rxd5 26. c4 Rd7 27. h4 Na5 28. Re4 Rd2 29. f5 Rxc2 30. e6 fxe6 31. Rxe6 Rxe6 32. fxe6 Kf8 33. Kf3 Nxc4 34. Bg3 Ke7 35. h5 Rxa2 36. Bh4+ Ke8 37. g5 Bd8 38. e7 Bc7 39. gxh6 gxh6 40. Rg1 Nd6 41. Rg8+ Kd7 42. Rd8+ Bxd8 43. exd8=Q+ Kc6 44. Be7 Rd2 45. Qh8 b5 46. Qxh6 b4 47. Qxd2 1-0


[Site "https://www.chess.com"]

[Event "Titled Tuesday Blitz July 25 Late 2023"]
[White "Koc, Przemyslaw"]
[Black "Bortnyk, Olexandr"]
[WhiteFideId "1109081"]
[BlackFideId "14120828"]
[WhiteElo "2493"]
[BlackElo "3015"]
[Result "1/2-1/2"]
[Round "1"]
[TimeControl "180+2"]
[Date "2023.07.25"]
[WhiteClock "0:00:08"]
[BlackClock "0:00:08"]
[Board "17"]

1. Nf3 Nf6 2. g3 b6 3. Bg2 Bb7 4. O-O g6 5. b3 Bg7 6. Bb2 O-O 7. c4 e6 8. d4 d5 9. Nbd2 c5 10. Rc1 Na6 11. e3 Qe7 12. Ne5 Rfd8 13. Qe2 Rac8 14. Rfd1 cxd4 15. exd4 dxc4 16. bxc4 Bxg2 17. Kxg2 Nb4 18. a3 Nc6 19. Nxc6 Rxc6 20. d5 Rcd6 21. Bxf6 Bxf6 22. Ne4 exd5 23. cxd5 Rxd5 24. Rxd5 Rxd5 25. Nxf6+ Qxf6 26. Qe8+ Kg7 27. Rc8 Qd6 28. Qg8+ Kh6 29. Qxf7 Rf5 30. Qc4 Qd5+ 31. Qxd5 Rxd5 32. h4 Ra5 33. Rc3 Ra4 34. Kh3 Kg7 35. g4 h5 36. f3 Kf6 37. Kg3 Ke5 38. Re3+ Kf6 39. f4 hxg4 40. Kxg4 Rc4 41. Rd3 Rc6 42. Rd7 a5 43. Rb7 Rd6 44. a4 Rc6 45. Rb8 Kg7 46. Kg5 Rc5+ 47. Kg4 Rc6 48. Kg5 Rc5+ 49. Kg4 Rc1 50. Rxb6 Rg1+ 51. Kf3 Ra1 52. Kg4 Kh6 53. f5 Rxa4+ 54. Kg3 Kh5 55. Rxg6 Rxh4 56. Ra6 Ra4 57. Rg6 Ra3+ 58. Kf4 Ra1 59. Ra6 Rf1+ 60. Ke5 Kg5 61. Rg6+ Kh5 62. Rg2 a4 63. f6 a3 64. Ke6 Re1+ 65. Kd7 Rd1+ 66. Ke8 Re1+ 67. Kf8 Rb1 68. f7 Rb2 69. Rg1 a2 70. Kg8 Rb1 71. Rxb1 axb1=Q 72. f8=Q Qg6+ 73. Qg7 Qe8+ 74. Qf8 Qg6+ 75. Qg7 Qe8+ 76. Qf8 Qc6 77. Qf7+ Kg5 78. Qg7+ Kf5 79. Qf7+ Kg4 80. Kg7 Qc3+ 81. Qf6 Qc7+ 82. Qf7 Qe5+ 83. Qf6 Qc7+ 84. Qf7 Qd8 85. Qg6+ Kh3 86. Qh6+ Kg2 87. Qg6+ Kh1 88. Qh6+ Kg1 89. Qg6+ Kh1 90. Qh6+ Kg2 91. Qg6+ Kf3 92. Qf6+ Qxf6+ 93. Kxf6 1/2-1/2


[Site "https://www.chess.com"]

[Event "Titled Tuesday Blitz July 25 Late 2023"]
[White "Kevlishvili, Robby"]
[Black "Gireman, Ja"]
[WhiteFideId "1040634"]
[BlackFideId "5043794"]
[WhiteElo "3009"]
[BlackElo "2493"]
[Result "1-0"]
[Round "1"]
[TimeControl "180+2"]
[Date "2023.07.25"]
[WhiteClock "0:00:22"]
[BlackClock "0:00:24"]
[Board "18"]

1. e4 e6 2. d4 d5 3. Nd2 Nf6 4. e5 Nfd7 5. Bd3 c5 6. c3 Nc6 7. Ne2 Be7 8. O-O f6 9. exf6 Nxf6 10. Nf3 O-O 11. Nf4 Ne4 12. Re1 Bd6 13. Bxe4 Bxf4 14. Bc2 cxd4 15. cxd4 Qf6 16. Ba4 Ne7 17. Bxf4 Qxf4 18. Rc1 Ng6 19. Rc3 a6 20. Re2 Nh4 21. Nxh4 Qxh4 22. g3 Qf6 23. Rce3 b5 24. Bc2 Bd7 25. Qd3 g6 26. Bb3 Rac8 27. Kg2 Rc1 28. h4 Rfc8 29. Rf3 Qg7 30. Qd2 Ra1 31. Rc3 Rf8 32. Ree3 g5 33. Re5 gxh4 34. Rg5 h3+ 35. Kxh3 Rh1+ 36. Kg2 Rxf2+ 37. Kxf2 Rh2+ 38. Kg1 Rxd2 39. Rxg7+ Kxg7 40. Rc7 Rxd4 41. Rxd7+ Kg6 42. Rd6 Kf5 43. Rxa6 e5 44. Rb6 Kg4 45. Rxb5 Kxg3 46. Rxd5 Re4 47. Rd3+ Kf4 48. Kf2 h5 49. Rf3+ Kg4 50. Re3 Rf4+ 51. Kg2 e4 52. Bd1+ Kg5 53. Bc2 Rg4+ 54. Rg3 Kf4 55. Rxg4+ hxg4 56. a4 e3 57. Bd1 g3 58. a5 Ke4 59. a6 Kd3 60. a7 Kd2 61. Bf3 1-0


[Site "https://www.chess.com"]

[Event "Titled Tuesday Blitz July 25 Late 2023"]
[White "Yeritsyan, Hayk"]
[Black "Pranav, V"]
[WhiteFideId "13307320"]
[BlackFideId "25060783"]
[WhiteElo "2490"]
[BlackElo "3008"]
[Result "0-1"]
[Round "1"]
[TimeControl "180+2"]
[Date "2023.07.25"]
[WhiteClock "0:00:00"]
[BlackClock "0:01:53"]
[Board "19"]

1. d4 Nf6 2. Nf3 e6 3. e3 b6 4. Bd3 Bb7 5. Nbd2 Be7 6. c3 O-O 7. O-O d6 8. Qe2 Nbd7 9. e4 e5 10. dxe5 dxe5 11. Nc4 Nc5 12. Bc2 Ncxe4 13. Ncxe5 Bc5 14. Be3 Bxe3 15. Qxe3 Nd6 16. Rad1 Re8 17. Qf4 Qe7 18. Rfe1 Qf8 19. Bb3 Re7 20. Rxd6 cxd6 21. Nxf7 Rxf7 22. Ng5 d5 23. Nxf7 Qxf7 24. h3 Re8 25. Rxe8+ Qxe8 26. Qc7 Qd7 27. Qb8+ Bc8 28. Kh2 Kf7 29. Bd1 Ba6 30. Bf3 Ke6 31. Kg1 Kf7 32. Qf4 Bd3 0-1


[Site "https://www.chess.com"]

[Event "Titled Tuesday Blitz July 25 Late 2023"]
[White "Kramnik, Vladimir"]
[Black "Cesar Maestre, Bernardo"]
[WhiteFideId "4101588"]
[BlackFideId "24542547"]
[WhiteElo "3003"]
[BlackElo "2490"]
[Result "1/2-1/2"]
[Round "1"]
[TimeControl "180+2"]
[Date "2023.07.25"]
[WhiteClock "0:00:02"]
[BlackClock "0:00:02"]
[Board "20"]

1. c4 e6 2. Nc3 d5 3. d4 Nf6 4. cxd5 Nxd5 5. e4 Nxc3 6. bxc3 c5 7. Rb1 Be7 8. Bc4 O-O 9. Nf3 Nc6 10. O-O b6 11. d5 Na5 12. Bd3 c4 13. Bc2 exd5 14. exd5 Bg4 15. h3 Bh5 16. Re1 Bf6 17. Ba3 Re8 18. Rxe8+ Qxe8 19. g4 Bg6 20. Bxg6 hxg6 21. Qc2 Rd8 22. Re1 Qb5 23. d6 Nb7 24. Qe4 Nxd6 25. Qf4 g5 26. Qg3 Qd5 27. Bxd6 Rxd6 28. Re8+ Kh7 29. h4 Qc6 30. Re3 gxh4 31. Qf4 g5 32. Qf5+ Kg7 33. Kg2 Rd3 34. Rxd3 cxd3 35. Qxd3 Qxc3 36. Qf5 Qc5 37. Qe4 a5 38. Ne1 b5 39. Nc2 h3+ 40. Kxh3 Qxf2 41. Ne3 b4 42. Nf5+ Kg6 43. Ng3+ Kg7 44. Nf5+ Kg6 45. Nh4+ Kg7 46. Nf5+ 1/2-1/2


[Site "https://www.chess.com"]

[Event "Titled Tuesday Blitz July 25 Late 2023"]
[White "whiteglovethief"]
[Black "Santos Latasa, Jaime"]
[BlackFideId "2293307"]
[WhiteElo "2489"]
[BlackElo "3002"]
[Result "0-1"]
[Round "1"]
[TimeControl "180+2"]
[Date "2023.07.25"]
[WhiteClock "0:00:32"]
[BlackClock "0:01:32"]
[Board "21"]

1. d4 Nf6 2. c4 g6 3. Nc3 c5 4. d5 d6 5. Nf3 Bg7 6. e4 e6 7. Be2 O-O 8. O-O Na6 9. Re1 Nc7 10. h3 h6 11. a3 e5 12. b4 b6 13. bxc5 bxc5 14. Rb1 Nh7 15. Qa4 Bd7 16. Qa5 f5 17. Rb7 Rc8 18. Qxa7 Nf6 19. Qb6 Nfe8 20. Nb5 fxe4 21. Nd2 e3 22. fxe3 Bxh3 23. Ne4 Qh4 24. Bd2 Bxg2 25. Kxg2 Qxe4+ 26. Kg1 Qh4 27. e4 Qg3+ 28. Kh1 Rf2 29. Nxc7 Qh2# 0-1


[Site "https://www.chess.com"]

[Event "Titled Tuesday Blitz July 25 Late 2023"]
[White "Martinez Alcantara, Jose Eduardo"]
[Black "Roberson, Peter T"]
[WhiteFideId "3805662"]
[BlackFideId "412384"]
[WhiteElo "2995"]
[BlackElo "2488"]
[Result "1-0"]
[Round "1"]
[TimeControl "180+2"]
[Date "2023.07.25"]
[WhiteClock "0:01:41"]
[BlackClock "0:01:04"]
[Board "22"]

1. e4 e6 2. d4 d5 3. Nd2 Be7 4. c3 c5 5. Ngf3 cxd4 6. cxd4 dxe4 7. Nxe4 Nf6 8. Nc3 Bd7 9. Bd3 Bc6 10. O-O Nbd7 11. Qe2 O-O 12. Bf4 Nd5 13. Bg3 Rc8 14. a3 Nxc3 15. bxc3 Qa5 16. c4 Bxf3 17. Qxf3 b6 18. Rfd1 Rfd8 19. Bf1 Bf6 20. Rab1 Qa4 21. Qe3 Re8 22. c5 bxc5 23. Bb5 cxd4 24. Bxa4 dxe3 25. Bxd7 e2 26. Re1 Rb8 27. Bxb8 1-0


[Site "https://www.chess.com"]

[Event "Titled Tuesday Blitz July 25 Late 2023"]
[White "Rohde, Michael"]
[Black "Sargsyan, Shant"]
[WhiteFideId "2000172"]
[BlackFideId "13306766"]
[WhiteElo "2485"]
[BlackElo "2990"]
[Result "0-1"]
[Round "1"]
[TimeControl "180+2"]
[Date "2023.07.25"]
[WhiteClock "0:00:00"]
[BlackClock "0:01:27"]
[Board "23"]

1. Nf3 g6 2. e4 Bg7 3. d4 d6 4. Nc3 a6 5. Bc4 b5 6. Bb3 Bb7 7. O-O e6 8. e5 d5 9. a4 c6 10. Bg5 Ne7 11. Qd2 h6 12. Bf4 g5 13. Be3 Nf5 14. Ne2 Nd7 15. c3 c5 16. dxc5 Nxe3 17. Qxe3 Qc7 18. Ned4 Nxc5 19. Bc2 bxa4 20. Rfe1 Rb8 21. h4 g4 22. Nh2 h5 23. Bxa4+ Nxa4 24. Rxa4 Bh6 25. Qe2 Bc8 26. Nf1 Bf8 27. Ng3 Be7 28. Ngf5 exf5 29. e6 f6 30. Nxf5 Qe5 31. Qxe5 fxe5 32. Rxe5 Rb6 33. Rf4 Rh7 0-1


[Site "https://www.chess.com"]

[Event "Titled Tuesday Blitz July 25 Late 2023"]
[White "He, Anthony"]
[Black "Cruz Mendez, Jean Marco"]
[WhiteFideId "2088215"]
[BlackFideId "3526402"]
[WhiteElo "2986"]
[BlackElo "2483"]
[Result "1-0"]
[Round "1"]
[TimeControl "180+2"]
[Date "2023.07.25"]
[WhiteClock "0:00:13"]
[BlackClock "0:00:00"]
[Board "24"]

1. d4 Nf6 2. Nc3 d5 3. Bf4 a6 4. e3 c5 5. dxc5 Nc6 6. Nf3 e6 7. Bd3 Bxc5 8. O-O O-O 9. e4 d4 10. Ne2 Nd7 11. e5 Qc7 12. Ng3 Ndxe5 13. Nxe5 Nxe5 14. Re1 Bd6 15. Bxh7+ Kxh7 16. Qh5+ Kg8 17. Bxe5 Bxe5 18. Qxe5 Qxe5 19. Rxe5 f6 20. Rc5 e5 21. c3 dxc3 22. Rxc3 Bd7 23. Rc7 Bc6 24. Rd1 Rf7 25. Rxf7 Kxf7 26. h4 Ke6 27. h5 Rc8 28. b3 Bd5 29. Rd2 Bc6 30. f3 f5 31. Rd3 Rh8 32. h6 gxh6 33. Kf2 h5 34. Ne2 h4 35. Ng1 e4 36. fxe4 fxe4 37. Re3 Kf5 38. Nh3 Rd8 39. Ke1 Bb5 40. Nf2 Bd3 41. Rh3 Kg5 42. a3 Bb1 43. b4 Re8 44. Ke2 e3 45. Rxe3 Rxe3+ 46. Kxe3 Bf5 47. Nd1 Bd7 48. Nc3 Bc6 49. Kf2 1-0


[Site "https://www.chess.com"]